Map: Hardwire LE

Players

Assaltwaffle

  • Race: Terran Terran
  • League: Diamond
  • Spawn Location: 1:00

SportsLiker - Winner!

  • Race: Protoss Protoss
  • League: Diamond
  • Spawn Location: 7:00

VOD

Have the link to the VOD?

Description

Time

  • Played on: June 17, 2022, 3:12 a.m.
  • Length: 8:35
Show
View Real Time Build Order
Export as new Build Order

Assaltwaffle Terran 

Build Orders: Gas First Reaper Expand 

Get SALT Encoding   

  12  0:00  SCV  
  13  0:12  SCV  
  14  0:21  Supply Depot  
  14  0:24  SCV  
  15  0:29  Refinery  
  16  0:42  SCV  
  16  0:45  Barracks  
  16  0:55  SCV  
  17  1:07  SCV  
  18  1:19  SCV  
  19  1:37  Command Center  
  19  1:42  Orbital Command  
  19  1:45  Reaper  
  20  1:57  Factory  
  20  2:07  Refinery  
  20  2:09  SCV  
  21  2:21  SCV  
  22  2:26  Supply Depot  
  22  2:28  Barracks Reactor  
  22  2:33  SCV  
  23  2:44  Starport  
  23  2:48  Widow Mine  
  25  2:51  Orbital Command  
  25  3:15  SCV  
  26  3:22  Starport Tech Lab  
  26  3:26  Starport  
  26  3:27  SCV  
  27  3:39  SCV x2  
  27  3:40  Refinery  
  29  3:48  Fusion Core  
  29  3:51  SCV  
  30  3:57  Refinery  
  30  3:58  SCV  
  30  4:02  Factory Tech Lab  
  31  4:03  SCV  
  31  4:05  Starport Reactor  
  32  4:11  SCV  
  32  4:14  Supply Depot  
  32  4:15  SCV  
  34  4:18  Marine x2  
  34  4:23  SCV  
  37  4:27  SCV  
  38  4:34  Siege Tank  
  38  4:35  SCV  
  42  4:39  SCV  
  42  4:42  Viking x2  
  47  4:48  Command Center  
  47  4:57  Weapon Refit  
  47  5:00  SCV x2  
  47  5:05  Supply Depot  
  49  5:09  Supply Depot  
  49  5:12  SCV  
  49  5:13  SCV  
  51  5:25  SCV x2  
  53  5:32  Supply Depot  
  53  5:37  SCV x2  
  53  5:40  Starport  
  55  5:45  Starport  
  55  5:49  Viking x2  
  58  6:16  Battlecruiser  
  64  6:20  Liberator x2  
  70  6:32  Starport Reactor  
  70  6:40  Orbital Command  
  70  6:41  Starport Tech Lab  
  70  6:44  Marine x2  
  72  6:56  Barracks  
  72  6:58  Barracks  
  72  7:00  Barracks  
  72  7:02  Marine x2  
  74  7:19  Liberator x2, Marine  
  74  7:20  Marine  
  61  7:51  Orbital Command  
  47  7:58  Siege Tank  
  47  8:02  Barracks Reactor x3  
Show
View Real Time Build Order
Export as new Build Order

SportsLiker Protoss - Winner!

Build Orders: 1 Gate Expand, Archon Immortal 

Get SALT Encoding   

  12  0:00  Probe  
  13  0:12  Probe  
  14  0:23  Pylon  
  14  0:25  Probe  
  15  0:41  Probe (Chrono Boost), Gateway  
  16  0:49  Assimilator  
  16  0:52  Probe (Chrono Boost)  
  17  0:58  Probe (Chrono Boost)  
  18  1:07  Probe  
  19  1:19  Probe  
  20  1:28  Nexus  
  20  1:38  Cybernetics Core  
  20  1:42  Probe  
  20  1:46  Assimilator  
  21  1:52  Pylon  
  21  1:55  Probe  
  22  2:07  Probe  
  23  2:12  Stalker (Chrono Boost)  
  23  2:15  Warp Gate  
  25  2:28  Probe, Shield Battery  
  26  2:34  Sentry  
  28  2:42  Probe (Chrono Boost)  
  29  2:47  Probe (Chrono Boost)  
  30  2:53  Robotics Facility  
  30  2:58  Probe x2 (Chrono Boost)  
  31  3:02  Stalker  
  33  3:11  Probe (Chrono Boost)  
  35  3:14  Probe (Chrono Boost)  
  36  3:21  Probe (Chrono Boost)  
  36  3:24  Probe (Chrono Boost)  
  37  3:28  Pylon  
  37  3:30  Probe (Chrono Boost)  
  37  3:31  Probe (Chrono Boost)  
  39  3:39  Probe  
  39  3:40  Probe  
  41  3:46  Immortal  
  45  3:49  Forge  
  45  3:52  Probe, Twilight Council  
  45  3:53  Probe  
  47  3:58  Assimilator  
  47  4:00  Pylon  
  47  4:04  Probe  
  47  4:05  Probe (Chrono Boost), Zealot  
  51  4:14  Assimilator  
  53  4:17  Probe (Chrono Boost)  
  53  4:18  Protoss Ground Weapons Level 1 (Chrono Boost)  
  53  4:22  Probe (Chrono Boost)  
  53  4:25  Observer  
  53  4:29  Probe (Chrono Boost), Charge (Chrono Boost)  
  53  4:30  Probe (Chrono Boost)  
  56  4:37  Zealot  
  58  4:42  Probe  
  59  4:46  Probe, Pylon  
  59  4:48  Pylon  
  59  4:50  Warp Prism  
  62  4:54  Pylon  
  62  4:59  Pylon  
  62  5:04  Zealot  
  64  5:19  Gateway  
  64  5:22  Gateway  
  64  5:24  Gateway  
  64  5:26  Gateway  
  64  5:29  Gateway  
  64  5:32  Templar Archives  
  64  5:37  Gateway  
  64  5:38  Gateway  
  64  5:42  Zealot  
  66  5:47  Immortal  
  70  6:13  High Templar  
  70  6:14  High Templar  
  70  6:15  Protoss Ground Weapons Level 2 (Chrono Boost)  
  70  6:18  Archon  
  74  6:23  Zealot  
  74  6:24  Zealot x3  
  82  6:35  Immortal  
  82  6:37  High Templar x2  
  90  6:43  Pylon  
  90  6:47  Pylon  
  90  6:49  Archon  
  90  6:50  Zealot x2  
  90  6:51  Pylon  
  94  6:55  Pylon  
  94  6:57  Pylon  
  94  7:03  Zealot x4  
  102  7:18  Pylon  
  102  7:21  Pylon  
  102  7:23  Pylon  
  102  7:24  High Templar x2  
  102  7:25  High Templar x2  
  102  7:28  Zealot x4  
  102  7:29  Archon  
  118  7:30  Archon  
  110  7:48  Immortal  
  110  7:49  Zealot x4  
  100  8:12  Nexus  
  96  8:14  Pylon  
  96  8:23  Zealot x6  
Tags
 
Add a new tag
Caveats
  • Supply blocks, unpowered buildings, or Contaminate may cause inaccurate times.
  • Supply counts are checked every 10 seconds.